 Dungeon Crawl Stone Soup version 0.31-a0-408-gb642c7f9a3 (webtiles) character file.

Game seed: 2322592408415280482

2 CraigForest the Ruffian (level 1, -2/16 HPs)
             Began as a Draconian Shapeshifter on July 29, 2023.
             Slain by a gnoll
             ... wielding a +0 club
              (3 damage)
             ... on level 1 of the Dungeon.
             The game lasted 00:00:34 (66 turns).

CraigForest the Ruffian (Draconian Shapeshifter)      Turns: 66, Time: 00:00:34

Health: -2/16      AC:  4    Str: 17    XL:     1   Next: 33%
Magic:  1/1        EV: 12    Int:  8    God:
Gold:   0          SH:  0    Dex: 17    Spells: 0/0 levels left

rFire   . .          .
                       - Unarmed
rCold   . . .        (no shield)
rNeg    . . .        (body armour unavailable)
rPois   .            (helmet currently unavailable)
rElec   .            (cloak currently unavailable)
rCorr   .            (gloves currently unavailable)
SInv    .            (boots currently unavailable)
Will    .....        (no amulet)
Stlth   ++           e - +6 ring of dexterity
HPRegen 0.22/turn    (no ring)
MPRegen 0.07/turn

%: no passive effects
@: beast-form
A: beast (slay +2), AC +4, unfitting armour, cold-blooded
a: Begin Untransformation


You were on level 1 of the Dungeon.
You were a hulking beast.
You visited 1 branch of the dungeon, and saw 1 of its levels.

Inventory:

Jewellery
 e - a +6 ring of dexterity (left hand)
Talismans
 b - a beast talisman
Potions
 a - a potion of lignification
 c - a potion of brilliance {unknown}
 d - a potion of haste {unknown}


   Skills:
 + Level 1.1 Fighting
 + Level 1.7 Dodging
 + Level 3.1 Unarmed Combat
 + Level 3.0 Shapeshifting


You couldn't memorise any spells.
You didn't know any spells.
Your spell library was empty.

Dungeon Overview and Level Annotations

Branches:
Dungeon (1/15)

Altars:


Innate Abilities, Weirdness & Mutations

You are a hulking beast.
Your limbs bulge with bestial killing power. (Slay +2)
Your plain brown scales are hard. (AC +4)
You cannot fit into any form of body armour.
You are cold-blooded and may be slowed by cold attacks.


Message History

The kobold hits you with a +0 vampiric short sword.
You hit the hobgoblin.
The hobgoblin is heavily wounded.
The hobgoblin closely misses you.
The kobold hits you with a +0 vampiric short sword.
A ball python comes into view.
The ball python hisses angrily.
You hit the hobgoblin but do no damage.
Your tail-slap misses the hobgoblin.
The hobgoblin is heavily wounded.
The hobgoblin barely misses you.
The kobold hits you with a +0 vampiric short sword.
You are too injured to fight recklessly!
You are too injured to fight recklessly!
You are too injured to fight recklessly!
You hit the kobold.
You kill the kobold!
A gnoll comes into view. It is wielding a +0 club.
The hobgoblin closely misses you. The hobgoblin closely misses you.
You see here a +0 vampiric short sword.
The hobgoblin barely misses you. The ball python barely misses you.
The ball python grabs you. The ball python constricts you.
You punch the ball python!
You kill the ball python!
The hobgoblin closely misses you. The hobgoblin attacks as you move away!
The hobgoblin barely misses you. The gnoll misses you.
You see here a +0 dagger.
You hit the gnoll.
The gnoll is moderately wounded.
The gnoll hits you with a +0 club. The hobgoblin hits you.
You closely miss the gnoll.
The gnoll is moderately wounded.
The gnoll hits you with a +0 club.
* * * LOW HITPOINT WARNING * * *
The hobgoblin closely misses you.
You barely miss the gnoll.
The gnoll is moderately wounded.
The gnoll hits you with a +0 club.
You die...

>......P....
......~~.~ .P
....P♣~~♣♣..
#?...~♣~~~..
#....♣~~~♣~..
#..#..♣~~~♣..
#......~~...#
#hg).P.....♣
......g.#...P....##
+.......##...P♣...#
#.......##.....P..#
#.......###.....#.#
#.......# #.......#
##+###### #.......#
#..P~.~..
####'..P~PPP


You could see a gnoll and a hobgoblin.

Vanquished Creatures
  A hobgoblin (D:1)
  A ball python (D:1)
  A kobold (D:1)
3 creatures vanquished.

Notes
Turn   | Place    | Note
-------+----------+-------------------------------------------
     0 | D:1      | CraigForest the Draconian Shapeshifter began the quest for
                  | the Orb.
     0 | D:1      | Reached XP level 1. HP: 16/16 MP: 1/1
    66 | D:1      | Slain by a gnoll

Illustrated notes

Levels and vault maps discovered:
D:1:      psy_arrival_conway, layout_basic, serial_shops, nicolae_square_shop,
          nicolae_shop_getting_attention, serial_bayou, serial_bayou_pond_d,
          serial_bayou_lake_a, serial_bayou_lagoon_a, serial_bayou_pond_a,
          serial_bayou_pond_a, minmay_distorted

Action                     || total
---------------------------++-------
  Melee: Unarmed           ||    15
  Dodge: Dodged            ||    15

Table legend: (Time is in decaauts)
 A = Elapsed time spent in this place.
 B = Non-inter-level travel time spent in this place.
 C = Inter-level travel time spent in this place.
 D = Time resting spent in this place.
 E = Time spent auto-exploring this place.
 F = Levels seen in this place.
 G = Mean time per level.
                   A        B        C        D        E       F      G
               +--------+--------+--------+--------+--------+-----+--------+
         Total |     66 |     61 |      5 |      0 |     36 |   1 |   66.0 |
       Dungeon |     66 |     61 |      5 |      0 |     36 |   1 |   66.0 |
               +--------+--------+--------+--------+--------+-----+--------+

Top non-repeatable levels by time:
     D:1: 66 daAuts
